 Dungeon Crawl Stone Soup version 0.18.1-50-g88ac8fd (webtiles) character file.

32 shiningwizard the Grasshopper (level 3, -3/26 (30) HPs)
             Began as a Ghoul Warper on Dec 1, 2016.
             Slain by an adder (4 damage)
             ... on level 2 of the Dungeon.
             The game lasted 00:09:42 (680 turns).

shiningwizard the Grasshopper (Ghoul Warper)         Turns: 680, Time: 00:09:43

HP:   -3/26 (30)    AC:  3    Str: 14    XL:     3   Next: 25%
MP:   2/4           EV: 11    Int:  9    God:
Gold: 80            SH:  0    Dex:  8    Spells: 2 memorised, 2 levels left

rFire  + . .     SeeInvis .     a - +0 spear
rCold  + . .     Gourm    .     b - +0 leather armour
rNeg   + + +     Faith    .     (no shield)
rPois  ∞         Spirit   .     (no helmet)
rElec  .         Dismiss  .     (no cloak)
rCorr  .         Reflect  .     (no gloves)
SustAt .         Harm     .     (no boots)
MR     .....                    (no amulet)
Stlth  ++........               k - ring of stealth
                                j - ring of protection from fire

@: very slightly contaminated, rotting, not resistant to hostile enchantments,
unstealthy
A: rotting body, claws 1, carnivore 3, cold resistance 1, negative energy
resistance 3, slow regeneration 1, torment resistance, unbreathing
a: no special abilities


You were on level 2 of the Dungeon.
You were not hungry.

You visited 1 branch of the dungeon, and saw 2 of its levels.

You collected 80 gold pieces.

Inventory:

Hand Weapons
 a - a +0 spear (weapon)
 h - a cursed +0 mace
 p - a +2 dagger of pain
Missiles
 e - 4 tomahawks of dispersal (quivered)
Armour
 b - a +0 leather armour (worn)
 m - a +0 cloak
Jewellery
 j - a ring of protection from fire (left claw)
 k - a ring of stealth (right claw)
Scrolls
 d - 2 scrolls of blinking
 g - a scroll of identify {unknown}
 l - a scroll of amnesia {unknown}
 o - a scroll of immolation {unknown}
Potions
 n - a potion of brilliance {unknown}
Books
 c - a book of Spatial Translocations

   Spells                             Type                      Level
   a - Apportation                    Translocation                1
   b - Blink                          Translocation                2
   c - Shroud of Golubria             Charms/Translocation         2
   d - Portal Projectile              Translocation                3
   e - Teleport Other                 Translocation                3
   f - Passage of Golubria            Translocation                4
Comestibles
 f - 2 meat rations
 i - a royal jelly


   Skills:
 + Level 2.3 Fighting
 + Level 1.9 Polearms
 + Level 0.8 Throwing
 + Level 1.0 Armour
 + Level 2.2 Dodging
 + Level 1.9 Spellcasting
 + Level 3.2 Translocations


You had 2 spell levels left.
You knew the following spells:

 Your Spells              Type           Power        Failure   Level  Hunger
a - Apportation           Tloc           #.........   12%         1    ##.....
b - Blink                 Tloc           N/A          17%         2    ###....


Dungeon Overview and Level Annotations

Branches:
Dungeon (2/15)

Altars:


Innate Abilities, Weirdness & Mutations

Your body is rotting away.
You thrive on raw meat.
You are immune to poison.
You have sharp fingernails.
You are carnivorous and can eat meat at any time.
Your flesh is cold resistant.
You are immune to negative energy.
You regenerate slowly when monsters are visible.
You are immune to unholy pain and torment.
You can survive without breathing.


Message History

You hit the quokka.
You kill the quokka!
You now have 80 gold pieces (gained 11).
d - 2 scrolls of blinking (gained 1)
An adder comes into view.
The adder barely misses you.
Found a murky yellow potion.
You hit the adder.
The adder is moderately wounded.
The adder bites you.
* * * LOW HITPOINT WARNING * * *
The adder barely misses you. The adder misses you.
The adder closely misses you.
Sorry, you're not good enough to have a special ability.
Cast which spell? (? or * to list)
You miscast Blink.
You are very lightly contaminated with residual magic.
Nothing appears to happen.
The adder barely misses you. The adder bites you.
You die...

### .. .# ####
###.#### ..#
#......# #####.#
#.#.##....
#...#.###.#.!. .
#@S.......##### #
#...#.#####
#.#...#.#
#.......#
####...#########
##..........#
#.###......#
#.#........#
.##.###.#.#......#


You could see an adder.

Vanquished Creatures
  A giant gecko (D:1)
  A giant cockroach (D:2)
  6 goblins
  3 hobgoblins (D:1)
  4 kobolds
  A quokka (D:2)
  5 bats (D:1)
  2 giant newts (D:1)
  6 rats
29 creatures vanquished.

Notes
Turn   | Place    | Note
--------------------------------------------------------------
     0 | D:1      | shiningwizard the Ghoul Warper began the quest for the Orb.
     0 | D:1      | Reached XP level 1. HP: 17/17 MP: 2/2
    92 | D:1      | Reached skill level 3 in Translocations
   112 | D:1      | Reached XP level 2. HP: 16/25 MP: 3/3
   226 | D:1      | Reached skill level 1 in Armour
   428 | D:1      | Reached XP level 3. HP: 21/29 MP: 4/4
   434 | D:1      | Learned a level 2 spell: Blink
   669 | D:2      | HP: 1/26 [adder (4)]
   680 | D:2      | Slain by an adder

Skill      XL: |  1  2 |
---------------+-------+-----
Translocations | 3 |  3.2
Dodging        | 2 |  2.2
Armour         | 1 |  1.0
Fighting       | |  2.3
Polearms       | |  1.9
Throwing       | |  0.8
Spellcasting   | |  1.9

Action                   || total
-------------------------++-------
Melee: Spear             ||   105
Throw: Tomahawk          ||     1
 Stab: Sleeping          ||     2
Armor: Leather armour    ||    24
Dodge: Dodged            ||    66
